 Dungeon Crawl Stone Soup version 0.31-a0-1074-g0b22e4e0f1 (webtiles) character file.

Game seed: 1442184551413182538

70 Dirtsage the Slasher (level 4, 31/35 HPs)
             Began as a Demonspawn Monk on Nov 26, 2023.
             Quit the game on level 3 of the Dungeon.
             The game lasted 00:02:50 (1220 turns).

Dirtsage the Slasher (Demonspawn Monk)              Turns: 1220, Time: 00:02:51

Health: 31/35      AC:  6    Str: 17    XL:     4   Next: 3%
Magic:  4/4        EV: 11    Int: 12    God:
Gold:   97         SH:  4    Dex: 17    Spells: 3/3 levels left

rFire   . . .        a - +0 falchion
rCold   . . .        d - orb {light}
rNeg    . . .        m - +0 ring mail
rPois   .            (no helmet)
rElec   .            r - scarf {repulsion}
rCorr   .            f - +0 pair of gloves
SInv    .            (no boots)
Will    .....        (no amulet)
Stlth   +            o - +6 ring of strength
HPRegen 0.25/turn    (no ring)
MPRegen 0.09/turn

%: repel missiles
@: mildly poisoned (31 -> 29), glowing
A: large bone plates 1, demonic guardian 1, weakness stinger 1
a: no special abilities


You were on level 3 of the Dungeon.
You visited 1 branch of the dungeon, and saw 3 of its levels.

You collected 97 gold pieces.

Inventory:

Hand Weapons
 a - a +0 falchion (weapon)
Armour
 b - a +0 robe
 d - an orb of light (worn)
 f - a +0 pair of gloves (worn)
 g - a +0 leather armour
 m - a +0 ring mail (worn)
 r - a scarf of repulsion (worn)
 s - a +0 chain mail
Jewellery
 o - a +6 ring of strength (left hand)
Scrolls
 h - 2 scrolls of enchant armour {unknown}
 i - 2 scrolls of fog {unknown}
 k - a scroll of poison {unknown}
 l - 2 scrolls of teleportation {unknown}
 n - a scroll of identify {unknown}
 p - a scroll of noise {unknown}
 q - a scroll of enchant weapon {unknown}
Potions
 c - a potion of ambrosia
 e - a potion of heal wounds {unknown}
 j - a potion of attraction {unknown}
 t - a potion of brilliance {unknown}


   Skills:
 - Level 3.0 Fighting
 + Level 4.5 Long Blades
 - Level 2.6 Dodging


You had 3 spell levels left.
You didn't know any spells.
Your spell library was empty.

Dungeon Overview and Level Annotations

Branches:
Dungeon (3/15)

Altars:

Shops:
D:2 *


Innate Abilities, Weirdness & Mutations

You are partially covered in large bone plates. (SH +4)
A weak demonic guardian rushes to your aid.
You have a small tail.


Message History

An adder comes into view.
There is a stone staircase leading up here.
You hit the orc but do no damage. The orc barely misses you.
You hit the orc.
The orc is almost dead.
The orc hits you with a +0 flail.
You take 1 damage, and have 28/29 hp.
You hit the orc.
You kill the orc!
A giant cockroach comes into view.
The giant cockroach moves out of view.
You hit the orc.
You kill the orc!
A hobgoblin comes into view.
You closely miss the adder. The adder bites you but does no damage.
Health restored: 29 You closely miss the adder.
The adder closely misses you. The adder completely misses you.
You closely miss the adder. The adder bites you.
You are poisoned.
The adder poisons you!
The orc wizard mumbles some strange words.
The orc wizard flickers and vanishes!
Deactivating autopickup; reactivate with Ctrl-A.
You take 1 damage, and have 28/29 hp.
You hit the adder.
The adder is heavily wounded.
You feel sick. The adder closely misses you.
The adder bites you but does no damage.
You take 2 damage, and have 26/29 hp.
You hit the adder.
You kill the adder!
You feel sick.
You have reached level 4!
You feel clever.
Your demonic ancestry asserts itself...
You grow a small tail.
You regained 5 hp, and now have 31/35 hp.
MP restored: 4 Unknown command.
Are you sure you want to abandon this character and quit the game? (Confirm with "yes".)

#.# #:#
#.# ...
##.##
... #.#
#@# #J#
#.#
#.oo#
###B.
....
#...o
......
.......


You could see an orc wizard (invisible), an orc, an endoplasm and a giant
cockroach.

Vanquished Creatures
  2 adders
  2 dart slugs
  2 orcs (D:3)
  6 endoplasms
  A giant cockroach (D:1)
  2 goblins (D:1)
  A hobgoblin (D:2)
  4 jackals (D:2)
  A quokka (D:1)
  7 ball pythons
  2 bats
  3 frilled lizards (D:1)
  6 kobolds (D:1)
  3 rats
42 creatures vanquished.

Notes
Turn   | Place    | Note
-------+----------+-------------------------------------------
     0 | D:1      | Dirtsage the Demonspawn Monk began the quest for the Orb.
     0 | D:1      | Reached XP level 1. HP: 18/18 MP: 1/1
   121 | D:1      | Reached skill level 3 in Long Blades
   185 | D:1      | Gained mutation: You are partially covered in large bone
                  | plates. (SH +4) [demonic ancestry]
   185 | D:1      | Reached XP level 2. HP: 24/24 MP: 2/2
   335 | D:1      | Found a faded altar of an unknown god.
   718 | D:2      | Gained mutation: A weak demonic guardian rushes to your
                  | aid. [demonic ancestry]
   718 | D:2      | Reached XP level 3. HP: 25/29 MP: 3/3
   771 | D:2      | Reached skill level 4 in Long Blades
   865 | D:2      | Found Finub's General Store.
  1220 | D:3      | Gained mutation: You have a small tail. [demonic ancestry]
  1220 | D:3      | Reached XP level 4. HP: 31/35 MP: 4/4
  1220 | D:3      | Quit the game

Illustrated notes

Levels and vault maps discovered:
D:1:      dpeg_arrival_simpleton_c, layout_rooms,
          shapermc_ecumenical_altar_ellora
D:2:      layout_rooms, serial_shops, shop, minmay_tetromino_l2
D:3:      layout_basic, uniq_crazy_yiuf_cottage

Skill      XL: |  1  2  3 |
---------------+----------+-----
Long Blades    | 3 4 |  4.5
Fighting       | |  3.0
Dodging        | |  2.6

Action                     |  1- 3 |  4- 6 || total
---------------------------+-------+-------++-------
  Melee: Falchion          |   104 |       ||   104
 Armour: Leather armour    |    40 |       ||    40
         Robe              |     4 |       ||     4
         Ring mail         |    10 |       ||    10
         Skin              |     1 |       ||     1
  Dodge: Dodged            |    58 |       ||    58

Table legend: (Time is in decaauts)
 A = Elapsed time spent in this place.
 B = Non-inter-level travel time spent in this place.
 C = Inter-level travel time spent in this place.
 D = Time resting spent in this place.
 E = Time spent auto-exploring this place.
 F = Levels seen in this place.
 G = Mean time per level.
                   A        B        C        D        E       F      G
               +--------+--------+--------+--------+--------+-----+--------+
         Total |   1231 |   1208 |     23 |      0 |    904 |   3 |  410.3 |
       Dungeon |   1231 |   1208 |     23 |      0 |    904 |   3 |  410.3 |
               +--------+--------+--------+--------+--------+-----+--------+

Top non-repeatable levels by time:
     D:1: 720 daAuts
     D:2: 495 daAuts
     D:3: 15 daAuts
